 Dungeon Crawl Stone Soup version 0.23-a0-644-gb60d84b635 (webtiles) character file.

2829 HereIgoKillingAgain the Transmogrifier (level 9, 0/59 HPs)
             Began as a Demonspawn Transmuter on Jan 1, 2019.
             Was a Believer of Uskayaw.
             Slain by a killer bee (6 damage)
             ... on level 7 of the Dungeon.
             The game lasted 00:12:29 (10102 turns).

HereIgoKillingAgain the Transmogrifier (DsTm)      Turns: 10102, Time: 00:12:30

Health: 0/59       AC: 11    Str: 10    XL:     9   Next: 45%
Magic:  16/16      EV: 12    Int: 18    God:    Uskayaw [**....]
Gold:   162        SH:  0    Dex: 14    Spells: 3/18 levels left

rFire    . . .     SeeInvis .     - Unarmed
rCold    + . .     Gourm    .   (shield currently unavailable)
rNeg     . . .     Faith    .   b - +0 robe
rPois    .         Spirit   .   (no helmet)
rElec    .         Reflect  .   (no cloak)
rCorr    .         Harm     .   (gloves currently unavailable)
MR       .....                  (no boots)
Stlth    +++.......             x - amulet "Nupudwoa" {Acrobat rC+}
HPRegen  0.19/turn              (no ring)
MPRegen  0.15/turn              (no ring)

@: confused, about to teleport, blade hands, sanguine armour
A: claws 1, nightstalker 2, sanguine armour 2
a: End Transformation, Stomp, Line Pass, Renounce Religion


You were on level 7 of the Dungeon.
You worshipped Uskayaw.
Uskayaw was noncommittal.
You were hungry.
You had blades for hands.
You visited 2 branches of the dungeon, and saw 8 of its levels.
You also visited: Sewer.

You collected 402 gold pieces.
You spent 240 gold pieces at shops.

Inventory:

Missiles
 u - 15 arrows
Armour
 b - a +0 robe (worn)
 h - a +1 robe of positive energy
Jewellery
 x - the amulet "Nupudwoa" (around neck) {Acrobat rC+}
   (You bought it in a shop on level 6 of the Dungeon)

   [amulet of the acrobat]

   It helps you evade while moving and waiting.
   It protects you from cold.
Wands
 i - a wand of acid (10)
 s - a wand of flame (23)
 y - a wand of paralysis (3)
 z - a wand of enslavement (11)
Scrolls
 a - a scroll of blinking {unknown}
 e - 6 scrolls of teleportation
 j - 2 scrolls of remove curse
 l - a scroll of fear
 p - a scroll of fog {unknown}
 r - 2 scrolls of enchant armour {unknown}
 v - 2 scrolls of enchant weapon {unknown}
 w - 2 scrolls of magic mapping {unknown}
 A - 2 scrolls of identify
Potions
 c - 3 potions of magic
 f - 2 potions of haste
 g - 3 potions of flight
 k - 2 potions of berserk rage
 m - 2 potions of might
 o - 2 potions of ambrosia
 q - a potion of invisibility {unknown}
 B - a potion of resistance {unknown}
Comestibles
 d - 3 rations
 t - 3 chunks of flesh


   Skills:
 - Level 1.0 Fighting
 - Level 1.7 Dodging
 - Level 5.0 Unarmed Combat
 - Level 5.1 Spellcasting
 * Level 9.7 Transmutations
 + Level 4.7 Invocations


You had 3 spell levels left.
You knew the following spells:

 Your Spells              Type           Power        Failure   Level  Hunger
a - Blade Hands           Tmut           #####.....   38%         5    ######.
b - Sticks to Snakes      Tmut           #####...     11%         2    #......
c - Spider Form           Tmut/Pois      ###.......   34%         3    ##.....
d - Ice Form              Ice/Tmut       ###.....     61%         4    ####...
e - Beastly Appendage     Tmut           #####.       10%         1    None

Your spell library contained the following spells:

 Spells                   Type           Power        Failure   Level  Hunger


Dungeon Overview and Level Annotations

Branches:
Dungeon (7/15)             Temple (1/1) D:6

Altars:
Ashenzari
Cheibriados
Dithmenos
Elyvilon
Fedhas
Gozag
Hepliaklqana
Kikubaaqudgha
Makhleb
Nemelex Xobeh
Okawaru
Qazlal
Ru
Sif Muna
Uskayaw
Vehumet
Wu Jian
Xom
Yredelemnul
Zin
The Shining One

Shops:
D:6 *

Annotations:
D:5 2 transporters


Innate Abilities, Weirdness & Mutations

You have sharp fingernails.
You are significantly more attuned to the shadows.
When seriously injured, your bleeding wounds create thick armour. (AC +9)


Message History

The killer bee misses you.
The gnoll hits you from afar with a +0 halberd!
* * * LOW HITPOINT WARNING * * *
The killer bee barely misses you.
The killer bee moves out of view.
You feel better. The killer bee barely misses you. The gnoll misses you.
The killer bee stings you but does no damage.
Unknown command.
Okay, then.
As you read the scroll of fear, it crumbles to dust.
You assume a fearsome visage.
The killer bee looks frightened! x2
The gnoll looks frightened! x3
As you read the scroll of teleportation, it crumbles to dust.
You feel strangely unstable.
You closely miss the killer bee. The killer bee barely misses you.
The killer bee stings you!
* * * LOW HITPOINT WARNING * * *
Unknown command.
You are confused.
You feel invigorated. The killer bee stings you.
You die...

...g.... ##.##
....... #### #...#
....... ..... #...#
#...... ...... #...#
#.y...........
#...####.............
#...@yy...g..........
#...####.............
#...# #.............
#...# ########......
#...# # ##.....
#...### ..###.....
#.....# #..#.....
#...#.# #.รท....
##...#.### ##.####


You could see 2 killer bees.

Vanquished Creatures
  Pikel (D:7)
  A hippogriff (D:7)
  Duvessa (D:5)
  2 sky beasts (D:7)
  A slave (D:7)
  A phantom (D:6)
  A black bear (D:4)
  3 ogres
  A centaur (D:5)
  4 bullfrogs
  Dowan (D:5)
  2 scorpions
  2 killer bees (D:7)
  A howler monkey (D:6)
  A crimson imp (D:6)
  4 orc priests
  A jelly (D:6)
  A centaur skeleton (D:6)
  3 centaur zombies
  A bullfrog skeleton (D:6)
  2 iguanas
  2 orc wizards
  2 worker ants (D:4)
  2 hound skeletons
  A howler monkey zombie (D:5)
  7 gnolls
  12 adders
  A shadow imp (D:6)
  3 oozes
  6 worms
  A dart slug (D:1)
  2 leopard geckos
  18 orcs
  7 giant cockroaches
  12 goblins
  12 hobgoblins
  3 jackals (D:2)
  14 kobolds
  A quokka (D:3)
  2 ball pythons
  4 bats
  8 frilled lizards
  A quokka zombie (D:7)
  11 rats
167 creatures vanquished.

Vanquished Creatures (collateral kills)
  A big kobold (Sewer)
  A worm (Sewer)
  A leopard gecko (D:3)
  2 giant cockroaches (D:3)
  A kobold (Sewer)
6 creatures vanquished.

Vanquished Creatures (others)
  2 slaves (D:7)
2 creatures vanquished.

Grand Total: 175 creatures vanquished

Notes
Turn   | Place    | Note
-------+----------+-------------------------------------------
     0 | D:1      | HereIgoKillingAgain the Demonspawn Transmuter began the
                  | quest for the Orb.
     0 | D:1      | Reached XP level 1. HP: 15/15 MP: 3/3
   175 | D:1      | Reached skill level 2 in Transmutations
   635 | D:1      | Gained mutation: When seriously injured, your bleeding
                  | wounds create armour. (AC +9) [demonic ancestry]
   635 | D:1      | Reached XP level 2. HP: 20/21 MP: 3/5
  1406 | D:2      | Gained mutation: You are slightly more attuned to the
                  | shadows. [demonic ancestry]
  1406 | D:2      | Reached XP level 3. HP: 14/26 MP: 6/6
  1459 | D:2      | Learned a level 2 spell: Sticks to Snakes
  1463 | D:2      | Learned a level 3 spell: Spider Form
  1617 | D:2      | Reached skill level 3 in Transmutations
  1870 | D:2      | Reached XP level 4. HP: 25/32 MP: 7/7
  2677 | D:3      | Found a glowing drain.
  2689 | Sewer    | Entered a sewer
  3377 | Sewer    | Gained mutation: When seriously injured, your bleeding
                  | wounds create thick armour. (AC +9) [demonic ancestry]
  3377 | Sewer    | Reached XP level 5. HP: 37/37 MP: 6/8
  3666 | Sewer    | Reached skill level 4 in Transmutations
  4599 | D:3      | Found a shimmering altar of Xom.
  4602 | D:3      | Found a shimmering altar of Xom.
  4602 | D:3      | Found a shimmering altar of Xom.
  4605 | D:3      | Found a shimmering altar of Xom.
  4615 | D:3      | Gained mutation: You are significantly more attuned to the
                  | shadows. [demonic ancestry]
  4615 | D:3      | Reached XP level 6. HP: 25/43 MP: 10/10
  4694 | D:3      | Found a shimmering altar of Xom.
  4701 | D:3      | Found a shimmering altar of Xom.
  4749 | D:3      | Found a shimmering altar of Xom.
  5244 | D:4      | Reached skill level 5 in Transmutations
  6282 | D:4      | Learned a level 4 spell: Ice Form
  6433 | D:4      | Reached XP level 7. HP: 37/48 MP: 8/12
  6573 | D:5      | Entered Level 5 of the Dungeon
  6929 | D:5      | Found a transporter.
  6949 | D:5      | Found a stormy altar of Qazlal.
  6950 | D:5      | Noticed a troll
  6964 | D:5      | Found a transporter.
  6992 | D:5      | Found a shattered altar of Ashenzari.
  7009 | D:5      | Noticed Duvessa
  7009 | D:5      | Noticed Dowan
  7023 | D:5      | Killed Duvessa
  7023 | D:5      | Killed Dowan
  7023 | D:5      | Reached skill level 6 in Transmutations
  7780 | D:5      | Reached skill level 5 in Unarmed Combat
  7780 | D:5      | Gained mutation: You have sharp fingernails. [demonic
                  | ancestry]
  7780 | D:5      | Reached XP level 8. HP: 16/54 MP: 11/14
  8293 | D:6      | Reached skill level 7 in Transmutations
  8407 | D:6      | Reached skill level 5 in Spellcasting
  8560 | D:6      | Learned a level 5 spell: Blade Hands
  8688 | D:6      | Found Cagootuipt's Assorted Antiques.
  8696 | D:6      | Bought a wavering steel amulet for 75 gold pieces
  8696 | D:6      | Bought a scroll of teleportation for 45 gold pieces
  8696 | D:6      | Bought a tapered ivory wand for 60 gold pieces
  8696 | D:6      | Bought a scroll of identify for 30 gold pieces
  8696 | D:6      | Bought a scroll of identify for 30 gold pieces
  8696 | D:6      | Identified the amulet "Nupudwoa" {Acrobat rC+} (You bought
                  | it in a shop on level 6 of the Dungeon)
  8820 | D:6      | Found a staircase to the Ecumenical Temple.
  8837 | Temple   | Entered the Ecumenical Temple
  8855 | Temple   | Became a worshipper of Uskayaw the Reveler
  9023 | D:6      | Reached * piety under Uskayaw
  9175 | D:6      | Reached skill level 8 in Transmutations
  9175 | D:6      | Reached ** piety under Uskayaw
  9220 | D:6      | Found a shattered altar of Ashenzari.
  9222 | D:6      | Found a shadowy altar of Dithmenos.
  9457 | D:7      | Noticed a hippogriff
  9466 | D:7      | Reached *** piety under Uskayaw
  9467 | D:7      | Killed a hippogriff
  9467 | D:7      | Reached skill level 1 in Invocations
  9641 | D:7      | Reached XP level 9. HP: 55/59 MP: 12/16
  9701 | D:7      | Noticed Pikel
  9719 | D:7      | Reached skill level 9 in Transmutations
  9728 | D:7      | Killed Pikel
  9915 | D:7      | Reached **** piety under Uskayaw
 10102 | D:7      | Slain by a killer bee

Vault maps used:
D:1:      dpeg_arrival_connections, chequers_serial_rivers_small_a
D:2:      minmay_wonky_spiral
D:3:      minmay_skewed_foursquare, portal_sewer_entry_f, serial_bayou_pond_a,
          nicolae_xom_altar_mimics
D:4:      first_ration
D:5:      gammafunk_temple_overflow_arena, basic_altar, uniq_duvessa
D:6:      gammafunk_temple_overflow_statue, minmay_temple_entry_wispy,
          serial_shops, shop
D:7:      grunt_ogre_cave, uniq_pikel, uniq_joseph
Temple:   nicolae_temple_no_exploring_needed
Sewer:    sewer_co_15_rooms

Skill      XL: |  1  2  3  4  5  6  7  8  9 |
---------------+----------------------------+-----
Transmutations | 2 3 4 5 6 8 9 |  9.7
Unarmed Combat | 3 4 5 |  5.0
Spellcasting   | 3 4 5 |  5.1
Invocations    | 2 4 |  4.7
Fighting       | |  1.0
Dodging        | |  1.7

Action                   |  1- 3 |  4- 6 |  7- 9 || total
-------------------------+-------+-------+-------++-------
Melee: Unarmed           |   146 |   339 |   252 ||   737
       Punch             |     2 |     5 |     5 ||    12
       Kick              |       |    11 |     1 ||    12
       Headbutt          |       |    11 |       ||    11
       Whip              |       |     1 |       ||     1
 Cast: Beastly Appendage |     3 |    12 |     1 ||    16
       Sticks to Snakes  |       |    12 |       ||    12
       Spider Form       |       |    10 |    14 ||    24
       Blade Hands       |       |       |     7 ||     7
Evoke: Wand              |       |       |     1 ||     1
  Use: Scroll            |     2 |     4 |     9 ||    15
       Potion            |       |     1 |     6 ||     7
 Stab: Sleeping          |     3 |     6 |     6 ||    15
       Paralysed         |       |       |     6 ||     6
       Distracted        |       |       |     1 ||     1
  Eat: Chunk             |     3 |    10 |     5 ||    18
       Ration            |       |     2 |     3 ||     5
Armor: Robe              |    42 |    43 |    20 ||   105
       Skin              |       |     3 |     6 ||     9
Dodge: Dodged            |   104 |   208 |   144 ||   456

Table legend:
 A = Non-vault XP
 B = Vault XP
 C = Vault XP percentage of total XP
 D = Non-vault monster count
 E = Vault monster count
 F = Vault count percentage of total count
                 A         B        C        D         E       F
            +---------+---------+-------+---------+---------+-------
      Total |    3009 |    1033 |  25.6 |     138 |      34 |  19.8
            +---------+---------+-------+---------+---------+-------
        D:1 |      38 |       0 |   0.0 |      23 |       0 |   0.0
        D:2 |      81 |       6 |   6.9 |      20 |       4 |  16.7
        D:3 |     153 |      21 |  12.1 |      29 |      10 |  25.6
        D:4 |     328 |       0 |   0.0 |      12 |       0 |   0.0
        D:5 |     459 |     223 |  32.7 |      12 |       2 |  14.3
        D:6 |     912 |       0 |   0.0 |      22 |       0 |   0.0
        D:7 |    1038 |     651 |  38.5 |      20 |       1 |   4.8
      Sewer |       0 |     132 | 100.0 |       0 |      17 | 100.0
            +---------+---------+-------+---------+---------+-------
